Influenza vs Blackdemons
Created - 18 février 2014 at 22:23
Goals
|
| Influenza |
0 |
3 |
2 |
5 |
| Blackdemons |
1 |
1 |
0 |
2 |
|
Shots
|
| Influenza |
11 |
16 |
4 |
31 |
| Blackdemons |
15 |
9 |
10 |
34 |
|
1st period
1. Blackdemons , Tomas Kopecky 44 (Denis Hamel, Andrew MacDonald) at 2:01
Penalties :
Jamie McBain (VJB) for Holding Stick (Minor) at 3:45, Shawn Matthias (MJM) for Cross-checking (Minor) at 10:14
2nd period
2. Influenza , Jaime Sifers 6 (Noah Welch, Alex Stalock) at 4:05
3. Influenza , Ben Smith 11 (Zac Dalpe, Jaime Sifers) at 5:26
4. Blackdemons , Enver Lisin 40 (Antoine Roussel, Tomas Kopecky) at 10:33 (SH)
5. Influenza , Rob Schremp 24 (Justin Abdelkader, Brian Salcido) at 15:33
Penalties :
Antoine Roussel (MJM) for Holding (Minor) at 5:39, Shawn Matthias (MJM) for Hooking (Minor) at 9:46
3rd period
6. Influenza , Jamie McBain 9 (Ryan Carter, Alex Stalock) at 14:46
7. Influenza , Ryan Vesce 25 (Ben Smith, Noah Welch) at 19:33
Penalties :
Ryan Vesce (VJB) for Interference (Minor) at 2:13, Sam Gagner (MJM) for Boarding (Minor) at 10:14
Goalie Stats
Alex Stalock (VJB), 32 saves from 34 shots - (0,941), W, 14-3-1, 60:00 minutes
Kevin Weekes (MJM), 26 saves from 31 shots - (0,839), L, 18-8-3, 60:00 minutes
Players Stats for Influenza
Player Name G A P +/- PIM S H SB GA TA FO MP PP MP PK MP
------------------------------------------------------------------------------------
Alexander Sulzer 0 0 0 0 0 1 1 2 0 2 0/0 21:06 3:46 1:40
Ben Smith 1 1 2 3 0 2 1 1 0 0 0/0 8:52 0:00 0:48
Blake Comeau 0 0 0 0 0 4 0 0 1 1 2/3 21:17 4:22 1:59
Brian Salcido 0 1 1 0 0 0 0 1 0 2 0/0 13:35 0:00 0:52
Carl Gunnarsson 0 0 0 0 0 0 0 2 0 1 0/0 12:43 0:00 0:00
Jaime Sifers 1 1 2 3 0 2 0 2 1 0 0/0 26:11 4:10 2:18
Jamie McBain 1 0 1 0 2 3 2 0 1 0 0/0 21:06 3:46 0:48
Justin Abdelkader 0 1 1 0 0 0 3 1 0 0 1/2 21:22 4:22 1:34
Marek Zagrapan 0 0 0 1 0 2 1 1 0 0 2/7 11:59 0:00 0:23
Martins Karsums 0 0 0 -1 0 3 3 0 0 0 1/1 17:59 3:34 0:55
Noah Welch 0 2 2 3 0 2 2 4 0 1 0/0 26:11 4:10 2:18
Pierre-Cédric Labrie 0 0 0 2 0 1 1 2 1 0 0/0 10:51 0:00 0:00
Rob Schremp 1 0 1 0 0 5 4 0 0 0 10/24 21:17 4:22 1:59
Robbie Earl 0 0 0 -1 0 0 2 0 0 1 1/2 17:22 3:34 0:18
Ryan Carter 0 1 1 -1 0 2 1 0 1 0 4/14 17:04 3:34 0:00
Ryan Russell 0 0 0 2 0 0 0 0 0 0 0/0 7:56 0:00 0:00
Ryan Vesce 1 0 1 2 2 3 2 0 0 0 0/0 11:13 0:00 0:00
Zac Dalpe 0 1 1 2 0 1 0 0 0 0 1/1 7:56 0:00 0:00
Players Stats for Blackdemons
Player Name G A P +/- PIM S H SB GA TA FO MP PP MP PK MP
------------------------------------------------------------------------------------
Andrew MacDonald 0 1 1 -3 0 1 1 1 1 0 0/0 20:15 1:17 1:01
Antoine Roussel 0 1 1 1 2 1 5 1 0 0 1/1 18:25 2:00 1:47
Curtis Glencross 0 0 0 -3 0 3 2 0 1 0 3/6 15:03 1:51 4:25
Denis Hamel 0 1 1 -2 0 1 2 0 0 0 0/0 18:39 0:07 1:41
Enver Lisin 1 0 1 1 0 4 1 0 0 0 0/0 18:58 1:51 2:28
Frazer Mclaren 0 0 0 -1 0 0 1 0 0 0 0/0 9:14 0:00 0:00
Jakub Kindl 0 0 0 0 0 1 0 0 1 1 0/0 20:00 0:39 2:25
Marc-André Cliche 0 0 0 -2 0 0 0 0 0 0 3/5 10:09 0:07 0:10
Matt Calvert 0 0 0 -1 0 3 0 0 0 0 0/0 10:34 0:07 0:00
Matt Hunwick 0 0 0 0 0 2 0 2 1 2 0/0 25:20 0:52 2:25
Michael Haley 0 0 0 -1 0 1 2 0 0 0 0/1 9:50 0:00 0:43
Michael Kostka 0 0 0 0 0 0 0 0 1 0 0/0 5:52 1:18 1:11
Nate Prosser 0 0 0 0 0 1 0 0 1 1 0/0 27:53 2:33 5:31
Sam Gagner 0 0 0 0 2 2 1 0 1 1 12/19 17:33 2:00 0:13
Shawn Belle 0 0 0 -2 0 2 0 0 0 0 0/0 18:35 1:17 3:19
Shawn Matthias 0 0 0 -1 4 3 2 0 1 0 9/15 16:11 1:51 0:00
Steven Zalewski 0 0 0 -1 0 4 2 0 0 0 3/4 9:14 0:00 0:00
Tomas Kopecky 1 1 2 -1 0 5 1 0 0 0 1/3 20:15 2:00 4:25
3 Stars
1 - Ben Smith (VJB)
2 - Jaime Sifers (VJB)
3 - Noah Welch (VJB)
Power Play
Influenza - 0 on 4 Attempt(s) - 0,00%
Blackdemons - 0 on 2 Attempt(s) - 0,00%
Penalty Kill
Influenza - 2 on 2 Attempt(s) - 100,00%
- Score 0 goal in Penalty Kill
Blackdemons - 4 on 4 Attempt(s) - 100,00%
- Score 1 goal in Penalty Kill
Official
Referees : Martell Rob and Leggo Mike
Linesman : Lonnie Cameron and Andy McElman
Game Notes
10:47 of 1st period - Influenza goal is going for a video replay. After video review, No Goal. The attacking player has interfered with a goalkeeper in his goal crease.
Michael Kostka is injured at 12:49 of 1st period (Fractured Metatarsal (Left Foot))
Finance
Level 1 -- Attendance: 1468 (73,40%) -- Ticket Income 44 040 $
Level 2 -- Attendance: 780 (78,00%) -- Ticket Income 7 800 $
Total Attendance: 2248 (74,93%)
Total Ticket Income: 51 840 $
Other Income: 2 592 $
Total Income: 54 432 $
Influenza
5 vs 5 Forward
Center Left Wing Right Wing Time % Phy DF OF
1 Rob Schremp Justin Abdelkader Blake Comeau 40 1 2 2
2 Ryan Carter Robbie Earl Martins Karsums 30 1 2 2
3 Marek Zagrapan Pierre-Cédric Labrie Ryan Vesce 20 1 2 2
4 Zac Dalpe Ryan Russell Ben Smith 10 1 2 2
5 vs 5 Defense
Defense Defense Time % Phy DF OF
1 Noah Welch Jaime Sifers 40 1 2 2
2 Jamie McBain Alexander Sulzer 30 1 2 2
3 Carl Gunnarsson Brian Salcido 20 1 2 2
4 Noah Welch Jaime Sifers 10 1 2 2
PowerPlay Forward
Center Left Wing Right Wing Time % Phy DF OF
1 Rob Schremp Justin Abdelkader Blake Comeau 60 1 2 2
2 Ryan Carter Robbie Earl Martins Karsums 40 1 2 2
PowerPlay Defense
Defense Defense Time % Phy DF OF
1 Noah Welch Jaime Sifers 60 1 2 2
2 Jamie McBain Alexander Sulzer 40 1 2 2
Penalty Kill 4 Players Forward
Center Wing Time % Phy DF OF
1 Blake Comeau Rob Schremp 60 1 2 2
2 Justin Abdelkader Martins Karsums 40 1 2 2
Penalty Kill 4 Players Defense
Defense Defense Time % Phy DF OF
1 Noah Welch Jaime Sifers 60 1 2 2
2 Jamie McBain Alexander Sulzer 40 1 2 2
Penalty Kill - 3 Players Forward
Forward Time % Phy DF OF
1 Blake Comeau 60 1 2 2
2 Rob Schremp 40 1 2 2
Penalty Kill - 3 Players Defense
Defense Defense Time % Phy DF OF
1 Noah Welch Jaime Sifers 60 1 2 2
2 Jamie McBain Alexander Sulzer 40 1 2 2
4 vs 4 Forward
Center Wing Time % Phy DF OF
1 Blake Comeau Rob Schremp 60 1 2 2
2 Justin Abdelkader Martins Karsums 40 1 2 2
4 vs 4 Defense
Defense Defense Time % Phy DF OF
1 Noah Welch Jaime Sifers 60 1 2 2
2 Jamie McBain Alexander Sulzer 40 1 2 2
Last Minutes Offensive
Center Left Wing Right Wing Defense Defense
Rob Schremp Justin Abdelkader Blake Comeau Noah Welch Jaime Sifers
Last Minutes Defensive
Center Left Wing Right Wing Defense Defense
Rob Schremp Justin Abdelkader Blake Comeau Noah Welch Jaime Sifers
Goaltenders
Starting : Alex Stalock
Backup : Brent Krahn
Extra Forwards
Normal : Ryan Vesce, Pierre-Cédric Labrie, Ben Smith - PP : Ryan Vesce, Pierre-Cédric Labrie - PK : Ben Smith
Extra Defensemen
Normal : Carl Gunnarsson, Brian Salcido, Jamie McBain - PP : Carl Gunnarsson - PK : Brian Salcido, Jamie McBain
Penalty Shots
Blake Comeau, Rob Schremp, Justin Abdelkader, Martins Karsums, Ryan Carter
Blackdemons
5 vs 5 Forward
Center Left Wing Right Wing Time % Phy DF OF
1 Sam Gagner Antoine Roussel Enver Lisin 40 0 2 3
2 Shawn Matthias Denis Hamel Tomas Kopecky 40 2 2 1
3 Marc-André Cliche Curtis Glencross Michael Haley 10 1 3 1
4 Steven Zalewski Matt Calvert Frazer Mclaren 10 2 3 0
5 vs 5 Defense
Defense Defense Time % Phy DF OF
1 Michael Kostka Nate Prosser 40 1 3 1
2 Matt Hunwick Jakub Kindl 35 1 3 1
3 Shawn Belle Andrew MacDonald 15 1 3 1
4 Michael Kostka Nate Prosser 10 1 1 3
PowerPlay Forward
Center Left Wing Right Wing Time % Phy DF OF
1 Sam Gagner Antoine Roussel Tomas Kopecky 60 1 0 4
2 Shawn Matthias Curtis Glencross Enver Lisin 40 1 0 4
PowerPlay Defense
Defense Defense Time % Phy DF OF
1 Michael Kostka Nate Prosser 60 1 1 3
2 Shawn Belle Andrew MacDonald 40 1 2 2
Penalty Kill 4 Players Forward
Center Wing Time % Phy DF OF
1 Curtis Glencross Tomas Kopecky 60 1 3 1
2 Enver Lisin Antoine Roussel 40 1 3 1
Penalty Kill 4 Players Defense
Defense Defense Time % Phy DF OF
1 Michael Kostka Nate Prosser 60 1 3 1
2 Matt Hunwick Jakub Kindl 40 1 4 0
Penalty Kill - 3 Players Forward
Forward Time % Phy DF OF
1 Tomas Kopecky 60 1 4 0
2 Curtis Glencross 40 0 5 0
Penalty Kill - 3 Players Defense
Defense Defense Time % Phy DF OF
1 Michael Kostka Nate Prosser 60 1 4 0
2 Matt Hunwick Jakub Kindl 40 1 4 0
4 vs 4 Forward
Center Wing Time % Phy DF OF
1 Curtis Glencross Tomas Kopecky 60 1 2 2
2 Enver Lisin Antoine Roussel 40 1 2 2
4 vs 4 Defense
Defense Defense Time % Phy DF OF
1 Matt Hunwick Jakub Kindl 60 1 3 1
2 Michael Kostka Nate Prosser 40 1 3 1
Last Minutes Offensive
Center Left Wing Right Wing Defense Defense
Sam Gagner Antoine Roussel Enver Lisin Michael Kostka Nate Prosser
Last Minutes Defensive
Center Left Wing Right Wing Defense Defense
Tomas Kopecky Curtis Glencross Enver Lisin Michael Kostka Nate Prosser
Goaltenders
Starting : Kevin Weekes
Backup : Marc Denis
Extra Forwards
Normal : Marc-André Cliche, Matt Calvert, Shawn Matthias - PP : Matt Calvert, Marc-André Cliche - PK : Denis Hamel
Extra Defensemen
Normal : Matt Hunwick, Andrew MacDonald, Shawn Belle - PP : Matt Hunwick - PK : Shawn Belle, Andrew MacDonald
Penalty Shots
Antoine Roussel, Enver Lisin, Tomas Kopecky, Shawn Matthias, Denis Hamel
% Time on Ice - Influenza
Lines # - Real PCT - Wanted PCT - Time Play
Normal Forward
1 - 33% - 40% - 15:57
2 - 28% - 30% - 13:30
3 - 22% - 20% - 10:43
4 - 16% - 10% - 7:56
Normal Defense
1 - 38% - 40% - 18:10
2 - 33% - 30% - 15:40
3 - 26% - 20% - 12:43
4 - 3% - 10% - 1:33
PP Forward
1 - 55% - 60% - 4:22
2 - 45% - 40% - 3:34
PP Defense
1 - 53% - 60% - 4:10
2 - 47% - 40% - 3:46
PK Forward
1 - 77% - 60% - 3:03
2 - 23% - 40% - 0:55
PK Defense
1 - 58% - 60% - 2:18
2 - 42% - 40% - 1:40
PK3 Forward
1 - 0% - 60%
2 - 0% - 40%
PK3 Defense
1 - 0% - 60%
2 - 0% - 40%
44 Forward
1 - 0% - 60%
2 - 0% - 40%
44 Defense
1 - 0% - 60%
2 - 0% - 40%
Last Minute Offensive - 0:00
Last Minute Defensive - 0:00
Total
Forward - 60:00
Defense - 60:00
|
% Time on Ice - Blackdemons
Lines # - Real PCT - Wanted PCT - Time Play
Normal Forward
1 - 34% - 40% - 16:22
2 - 30% - 40% - 14:22
3 - 17% - 10% - 8:08
4 - 19% - 10% - 9:14
Normal Defense
1 - 42% - 40% - 20:10
2 - 29% - 35% - 14:09
3 - 24% - 15% - 11:27
4 - 5% - 10% - 2:20
PP Forward
1 - 53% - 60% - 2:07
2 - 47% - 40% - 1:51
PP Defense
1 - 64% - 60% - 2:33
2 - 36% - 40% - 1:25
PK Forward
1 - 69% - 60% - 5:28
2 - 31% - 40% - 2:28
PK Defense
1 - 70% - 60% - 5:31
2 - 30% - 40% - 2:25
PK3 Forward
1 - 0% - 60%
2 - 0% - 40%
PK3 Defense
1 - 0% - 60%
2 - 0% - 40%
44 Forward
1 - 0% - 60%
2 - 0% - 40%
44 Defense
1 - 0% - 60%
2 - 0% - 40%
Last Minute Offensive - 0:00
Last Minute Defensive - 0:00
Total
Forward - 60:00
Defense - 60:00
|
Play by Play
1st period
0:01 of 1st period - Sam Gagner wins face-off versus Rob Schremp in neutral zone.
0:06 of 1st period - Snap shot by Enver Lisin.
0:06 of 1st period - Stopped by Alex Stalock without a rebound.
0:07 of 1st period - Rob Schremp wins face-off versus Sam Gagner in Influenza zone.
1:01 of 1st period - Snap shot by Marc-André Cliche.
1:01 of 1st period - Shot Misses the Net.
1:03 of 1st period - Wrist shot by Marc-André Cliche.
1:03 of 1st period - Shot Hit the Post.
1:05 of 1st period - Slapshot by Michael Kostka.
1:05 of 1st period - Shot Blocked by Alexander Sulzer.
1:41 of 1st period - Wrist shot by Enver Lisin.
1:41 of 1st period - Stopped by Alex Stalock with a rebound.
1:43 of 1st period - Slapshot by Matt Hunwick.
1:43 of 1st period - Stopped by Alex Stalock with a rebound.
1:45 of 1st period - Wrist shot by Antoine Roussel.
1:45 of 1st period - Shot Misses the Net.
1:59 of 1st period - Slapshot by Denis Hamel.
1:59 of 1st period - Shot Blocked by Carl Gunnarsson.
2:01 of 1st period - Snap shot by Tomas Kopecky.
2:01 of 1st period - Goal by Tomas Kopecky - Influenza : 0 - Blackdemons : 1.
2:02 of 1st period - Shawn Matthias wins face-off versus Ryan Carter in neutral zone.
2:04 of 1st period - Off-side.
2:05 of 1st period - Ryan Carter wins face-off versus Shawn Matthias in neutral zone.
2:12 of 1st period - Snap shot by Martins Karsums.
2:12 of 1st period - Stopped by Kevin Weekes without a rebound.
2:13 of 1st period - Sam Gagner wins face-off versus Marek Zagrapan in Blackdemons zone.
2:41 of 1st period - Wrist shot by Enver Lisin.
2:41 of 1st period - Shot Blocked by Noah Welch.
3:31 of 1st period - Snap shot by Steven Zalewski.
3:31 of 1st period - Stopped by Alex Stalock with a rebound.
3:45 of 1st period - Minor Penalty to Jamie McBain for Holding Stick.
3:46 of 1st period - Blake Comeau wins face-off versus Sam Gagner in Influenza zone.
4:17 of 1st period - Martins Karsums is hit by Shawn Matthias and loses puck.
5:45 of 1st period - Penalty to Jamie McBain is over, Jamie McBain is back on ice.
6:27 of 1st period - Wrist shot by Denis Hamel.
6:27 of 1st period - Shot Blocked by Noah Welch.
6:29 of 1st period - Wrist shot by Matt Hunwick.
6:29 of 1st period - Shot Misses the Net.
6:31 of 1st period - Slapshot by Jakub Kindl.
6:31 of 1st period - Shot Misses the Net.
6:33 of 1st period - Slapshot by Jakub Kindl.
6:33 of 1st period - Stopped by Alex Stalock with a rebound.
6:37 of 1st period - Snap shot by Denis Hamel.
6:37 of 1st period - Deflect By Matt Calvert.
6:37 of 1st period - Shot Misses the Net.
6:37 of 1st period - Puck is out of play.
6:38 of 1st period - Sam Gagner wins face-off versus Ryan Carter in Influenza zone.
6:47 of 1st period - Wrist shot by Antoine Roussel.
6:47 of 1st period - Shot Misses the Net.
6:49 of 1st period - Snap shot by Antoine Roussel.
6:49 of 1st period - Shot Blocked by Brian Salcido.
6:51 of 1st period - Wrist shot by Antoine Roussel.
6:51 of 1st period - Stopped by Alex Stalock without a rebound.
6:52 of 1st period - Sam Gagner wins face-off versus Ryan Carter in Influenza zone.
6:53 of 1st period - Snap shot by Enver Lisin.
6:53 of 1st period - Stopped by Alex Stalock with a rebound.
7:03 of 1st period - Shawn Belle is hit by Martins Karsums and loses puck.
7:37 of 1st period - Wrist shot by Pierre-Cédric Labrie.
7:37 of 1st period - Stopped by Kevin Weekes without a rebound.
7:38 of 1st period - Steven Zalewski wins face-off versus Marek Zagrapan in Blackdemons zone.
7:49 of 1st period - Slapshot by Michael Kostka.
7:49 of 1st period - Shot Misses the Net.
7:51 of 1st period - Slapshot by Nate Prosser.
7:51 of 1st period - Deflect By Matt Calvert.
7:51 of 1st period - Shot Blocked by Alexander Sulzer.
7:51 of 1st period - Puck is out of play.
7:52 of 1st period - Shawn Matthias wins face-off versus Ryan Carter in Influenza zone.
8:17 of 1st period - Nate Prosser is hit by Rob Schremp and loses puck.
9:32 of 1st period - Marek Zagrapan is hit by Antoine Roussel and loses puck.
9:43 of 1st period - Wrist shot by Sam Gagner.
9:43 of 1st period - Shot Misses the Net.
10:14 of 1st period - Minor Penalty to Shawn Matthias for Cross-checking.
10:15 of 1st period - Rob Schremp wins face-off versus Curtis Glencross in Blackdemons zone.
10:43 of 1st period - Snap shot by Blake Comeau.
10:43 of 1st period - Shot Misses the Net.
10:45 of 1st period - Slapshot by Alexander Sulzer.
10:45 of 1st period - Shot Misses the Net.
10:47 of 1st period - Slapshot by Blake Comeau.
10:47 of 1st period - Influenza goal is going for a video replay.
10:47 of 1st period - The goal is refused. The attacking player has interfered with a goalkeeper in his goal crease..
10:48 of 1st period - Martins Karsums wins face-off versus Tomas Kopecky in Blackdemons zone.
10:57 of 1st period - Slapshot by Ryan Carter.
10:57 of 1st period - Shot Misses the Net.
11:31 of 1st period - Noah Welch is hit by Tomas Kopecky.
12:14 of 1st period - Penalty to Shawn Matthias is over, Shawn Matthias is back on ice.
12:20 of 1st period - Shawn Matthias is hit by Robbie Earl and loses puck.
12:48 of 1st period - Michael Kostka is hit by Jamie McBain.
12:49 of 1st period - Michael Kostka from Blackdemons is injured at 12:49 of 1st period (Fractured Metatarsal (Left Foot)).
12:50 of 1st period - Shawn Matthias wins face-off versus Blake Comeau in Blackdemons zone.
13:45 of 1st period - Wrist shot by Ryan Vesce.
13:45 of 1st period - Stopped by Kevin Weekes with a rebound.
13:57 of 1st period - Wrist shot by Matt Calvert.
13:57 of 1st period - Stopped by Alex Stalock with a rebound.
13:59 of 1st period - Snap shot by Michael Haley.
13:59 of 1st period - Shot Misses the Net.
14:01 of 1st period - Wrist shot by Curtis Glencross.
14:01 of 1st period - Stopped by Alex Stalock without a rebound.
14:02 of 1st period - Marc-André Cliche wins face-off versus Rob Schremp in Influenza zone.
14:03 of 1st period - Snap shot by Curtis Glencross.
14:03 of 1st period - Shot Blocked by Justin Abdelkader.
14:34 of 1st period - Slapshot by Nate Prosser.
14:34 of 1st period - Stopped by Alex Stalock without a rebound.
14:35 of 1st period - Shawn Matthias wins face-off versus Ryan Carter in Influenza zone.
14:44 of 1st period - Snap shot by Tomas Kopecky.
14:44 of 1st period - Stopped by Alex Stalock without a rebound.
14:45 of 1st period - Shawn Matthias wins face-off versus Ryan Carter in Influenza zone.
15:00 of 1st period - Slapshot by Shawn Matthias.
15:00 of 1st period - Stopped by Alex Stalock with a rebound.
15:31 of 1st period - Tomas Kopecky is hit by Ryan Carter and loses puck.
15:38 of 1st period - Ryan Carter is hit by Denis Hamel and loses puck.
15:51 of 1st period - Slapshot by Martins Karsums.
15:51 of 1st period - Shot Blocked by Andrew MacDonald.
15:53 of 1st period - Slapshot by Jamie McBain.
15:53 of 1st period - Stopped by Kevin Weekes without a rebound.
15:54 of 1st period - Sam Gagner wins face-off versus Rob Schremp in Blackdemons zone.
16:23 of 1st period - Snap shot by Marek Zagrapan.
16:23 of 1st period - Stopped by Kevin Weekes without a rebound.
16:24 of 1st period - Sam Gagner wins face-off versus Marek Zagrapan in Blackdemons zone.
16:24 of 1st period - Sam Gagner is hit by Ryan Vesce.
16:40 of 1st period - Wrist shot by Ryan Vesce.
16:40 of 1st period - Stopped by Kevin Weekes without a rebound.
16:41 of 1st period - Steven Zalewski wins face-off versus Rob Schremp in Blackdemons zone.
17:11 of 1st period - Snap shot by Jamie McBain.
17:11 of 1st period - Stopped by Kevin Weekes with a rebound.
17:13 of 1st period - Slapshot by Alexander Sulzer.
17:13 of 1st period - Stopped by Kevin Weekes with a rebound.
17:15 of 1st period - Snap shot by Alexander Sulzer.
17:15 of 1st period - Shot Misses the Net.
17:17 of 1st period - Wrist shot by Marek Zagrapan.
17:17 of 1st period - Stopped by Kevin Weekes with a rebound.
17:19 of 1st period - Slapshot by Alexander Sulzer.
17:19 of 1st period - Shot Blocked by Antoine Roussel.
17:31 of 1st period - Nate Prosser is hit by Martins Karsums and loses puck.
17:38 of 1st period - Snap shot by Martins Karsums.
17:38 of 1st period - Shot Misses the Net.
17:56 of 1st period - Icing by Nate Prosser.
17:57 of 1st period - Marc-André Cliche wins face-off versus Rob Schremp in Blackdemons zone.
17:57 of 1st period - Marc-André Cliche is hit by Noah Welch.
18:05 of 1st period - Slapshot by Nate Prosser.
18:05 of 1st period - Deflect By Curtis Glencross.
18:05 of 1st period - Shot Misses the Net.
18:05 of 1st period - Puck is out of play.
18:06 of 1st period - Sam Gagner wins face-off versus Rob Schremp in Influenza zone.
18:17 of 1st period - Sam Gagner is hit by Justin Abdelkader.
19:07 of 1st period - Shawn Belle is hit by Ben Smith.
19:08 of 1st period - Icing by Shawn Belle.
19:09 of 1st period - Rob Schremp wins face-off versus Steven Zalewski in Blackdemons zone.
19:10 of 1st period - Snap shot by Blake Comeau.
19:10 of 1st period - Stopped by Kevin Weekes without a rebound.
19:11 of 1st period - Sam Gagner wins face-off versus Rob Schremp in Blackdemons zone.
19:18 of 1st period - Wrist shot by Enver Lisin.
19:18 of 1st period - Shot Misses the Net.
19:37 of 1st period - Icing by Tomas Kopecky.
19:38 of 1st period - Shawn Matthias wins face-off versus Marek Zagrapan in Blackdemons zone.
19:38 of 1st period - Shawn Matthias is hit by Noah Welch.
19:48 of 1st period - Snap shot by Shawn Matthias.
19:48 of 1st period - Stopped by Alex Stalock with a rebound.
19:50 of 1st period - Snap shot by Tomas Kopecky.
19:50 of 1st period - Shot Misses the Net.
19:52 of 1st period - Slapshot by Matt Hunwick.
19:52 of 1st period - Stopped by Alex Stalock with a rebound.
Goals for this period are 0 for Influenza vs 1 for Blackdemons.
Shots for this period are 11 for Influenza vs 15 for Blackdemons.
2nd period
0:01 of 2nd period - Sam Gagner wins face-off versus Justin Abdelkader in neutral zone.
0:34 of 2nd period - Off-side.
0:35 of 2nd period - Shawn Matthias wins face-off versus Rob Schremp in neutral zone.
0:38 of 2nd period - Snap shot by Tomas Kopecky.
0:38 of 2nd period - Shot Misses the Net.
0:43 of 2nd period - Icing by Justin Abdelkader.
0:44 of 2nd period - Justin Abdelkader wins face-off versus Shawn Matthias in Influenza zone.
1:28 of 2nd period - Snap shot by Justin Abdelkader.
1:28 of 2nd period - Shot Misses the Net.
1:30 of 2nd period - Snap shot by Rob Schremp.
1:30 of 2nd period - Stopped by Kevin Weekes without a rebound.
1:31 of 2nd period - Sam Gagner wins face-off versus Ryan Carter in Blackdemons zone.
1:40 of 2nd period - Snap shot by Ryan Carter.
1:40 of 2nd period - Shot Misses the Net.
1:42 of 2nd period - Snap shot by Ryan Carter.
1:42 of 2nd period - Stopped by Kevin Weekes with a rebound.
1:44 of 2nd period - Snap shot by Martins Karsums.
1:44 of 2nd period - Stopped by Kevin Weekes with a rebound.
1:46 of 2nd period - Slapshot by Noah Welch.
1:46 of 2nd period - Stopped by Kevin Weekes with a rebound.
2:21 of 2nd period - Wrist shot by Curtis Glencross.
2:21 of 2nd period - Stopped by Alex Stalock without a rebound.
2:22 of 2nd period - Zac Dalpe wins face-off versus Marc-André Cliche in Influenza zone.
2:22 of 2nd period - Zac Dalpe is hit by Michael Haley.
2:30 of 2nd period - Slapshot by Curtis Glencross.
2:30 of 2nd period - Stopped by Alex Stalock with a rebound.
2:34 of 2nd period - Snap shot by Marc-André Cliche.
2:34 of 2nd period - Shot Blocked by Jaime Sifers.
2:36 of 2nd period - Slapshot by Curtis Glencross.
2:36 of 2nd period - Shot Misses the Net.
2:38 of 2nd period - Slapshot by Matt Hunwick.
2:38 of 2nd period - Shot Misses the Net.
2:51 of 2nd period - Off-side.
2:52 of 2nd period - Rob Schremp wins face-off versus Sam Gagner in neutral zone.
2:55 of 2nd period - Snap shot by Blake Comeau.
2:55 of 2nd period - Stopped by Kevin Weekes without a rebound.
2:56 of 2nd period - Sam Gagner wins face-off versus Rob Schremp in Blackdemons zone.
4:05 of 2nd period - Slapshot by Jaime Sifers.
4:05 of 2nd period - Goal by Jaime Sifers - Influenza : 1 - Blackdemons : 1.
4:06 of 2nd period - Rob Schremp wins face-off versus Sam Gagner in neutral zone.
5:24 of 2nd period - Slapshot by Zac Dalpe.
5:24 of 2nd period - Shot Misses the Net.
5:26 of 2nd period - Slapshot by Ben Smith.
5:26 of 2nd period - Goal by Ben Smith - Influenza : 2 - Blackdemons : 1.
5:27 of 2nd period - Rob Schremp wins face-off versus Sam Gagner in neutral zone.
5:39 of 2nd period - Minor Penalty to Antoine Roussel for Holding.
5:40 of 2nd period - Rob Schremp wins face-off versus Curtis Glencross in Blackdemons zone.
5:48 of 2nd period - Backhand shot by Tomas Kopecky.
5:48 of 2nd period - Stopped by Alex Stalock with a rebound.
5:50 of 2nd period - Slapshot by Shawn Belle.
5:50 of 2nd period - Stopped by Alex Stalock without a rebound.
5:51 of 2nd period - Curtis Glencross wins face-off versus Rob Schremp in Influenza zone.
7:18 of 2nd period - Andrew MacDonald is hit by Rob Schremp.
7:39 of 2nd period - Penalty to Antoine Roussel is over, Antoine Roussel is back on ice.
7:46 of 2nd period - Alexander Sulzer is hit by Steven Zalewski and loses puck.
7:51 of 2nd period - Snap shot by Steven Zalewski.
7:51 of 2nd period - Stopped by Alex Stalock without a rebound.
7:52 of 2nd period - Sam Gagner wins face-off versus Marek Zagrapan in Influenza zone.
9:02 of 2nd period - Wrist shot by Rob Schremp.
9:02 of 2nd period - Shot Blocked by Matt Hunwick.
9:11 of 2nd period - Wrist shot by Justin Abdelkader.
9:11 of 2nd period - Shot Misses the Net.
9:13 of 2nd period - Slapshot by Jaime Sifers.
9:13 of 2nd period - Stopped by Kevin Weekes with a rebound.
9:15 of 2nd period - Snap shot by Rob Schremp.
9:15 of 2nd period - Deflect By Blake Comeau.
9:15 of 2nd period - Stopped by Kevin Weekes with a rebound.
9:17 of 2nd period - Slapshot by Noah Welch.
9:17 of 2nd period - Shot Misses the Net.
9:19 of 2nd period - Slapshot by Noah Welch.
9:19 of 2nd period - Deflect By Jakub Kindl.
9:19 of 2nd period - Stopped by Kevin Weekes with a rebound.
9:39 of 2nd period - Wrist shot by Rob Schremp.
9:39 of 2nd period - Stopped by Kevin Weekes with a rebound.
9:41 of 2nd period - Slapshot by Rob Schremp.
9:41 of 2nd period - Stopped by Kevin Weekes without a rebound.
9:42 of 2nd period - Robbie Earl wins face-off versus Shawn Matthias in Blackdemons zone.
9:46 of 2nd period - Minor Penalty to Shawn Matthias for Hooking.
9:47 of 2nd period - Curtis Glencross wins face-off versus Robbie Earl in Blackdemons zone.
10:23 of 2nd period - Wrist shot by Tomas Kopecky.
10:23 of 2nd period - Shot Misses the Net.
10:31 of 2nd period - Wrist shot by Antoine Roussel.
10:31 of 2nd period - Shot Misses the Net.
10:33 of 2nd period - Wrist shot by Enver Lisin.
10:33 of 2nd period - Goal by Enver Lisin - Influenza : 2 - Blackdemons : 2.
10:34 of 2nd period - Curtis Glencross wins face-off versus Ryan Carter in neutral zone.
11:46 of 2nd period - Penalty to Shawn Matthias is over, Shawn Matthias is back on ice.
12:02 of 2nd period - Noah Welch is hit by Frazer Mclaren and loses puck.
12:45 of 2nd period - Slapshot by Tomas Kopecky.
12:45 of 2nd period - Shot Blocked by Marek Zagrapan.
12:47 of 2nd period - Slapshot by Matt Hunwick.
12:47 of 2nd period - Shot Misses the Net.
12:49 of 2nd period - Snap shot by Michael Haley.
12:49 of 2nd period - Stopped by Alex Stalock with a rebound.
12:51 of 2nd period - Slapshot by Jakub Kindl.
12:51 of 2nd period - Shot Blocked by Pierre-Cédric Labrie.
12:53 of 2nd period - Slapshot by Matt Hunwick.
12:53 of 2nd period - Shot Blocked by Pierre-Cédric Labrie.
12:55 of 2nd period - Snap shot by Jakub Kindl.
12:55 of 2nd period - Shot Misses the Net.
14:07 of 2nd period - Andrew MacDonald is hit by Rob Schremp and loses puck.
14:22 of 2nd period - Slapshot by Andrew MacDonald.
14:22 of 2nd period - Shot Misses the Net.
14:34 of 2nd period - Wrist shot by Ben Smith.
14:34 of 2nd period - Stopped by Kevin Weekes with a rebound.
15:07 of 2nd period - Wrist shot by Ryan Carter.
15:07 of 2nd period - Stopped by Kevin Weekes with a rebound.
15:17 of 2nd period - Slapshot by Matt Hunwick.
15:17 of 2nd period - Shot Misses the Net.
15:23 of 2nd period - Snap shot by Rob Schremp.
15:23 of 2nd period - Stopped by Kevin Weekes without a rebound.
15:24 of 2nd period - Shawn Matthias wins face-off versus Rob Schremp in Blackdemons zone.
15:33 of 2nd period - Wrist shot by Rob Schremp.
15:33 of 2nd period - Goal by Rob Schremp - Influenza : 3 - Blackdemons : 2.
15:34 of 2nd period - Tomas Kopecky wins face-off versus Rob Schremp in neutral zone.
15:47 of 2nd period - Snap shot by Shawn Matthias.
15:47 of 2nd period - Stopped by Alex Stalock with a rebound.
16:01 of 2nd period - Robbie Earl is hit by Antoine Roussel and loses puck.
17:04 of 2nd period - Snap shot by Matt Calvert.
17:04 of 2nd period - Shot Blocked by Carl Gunnarsson.
17:06 of 2nd period - Slapshot by Shawn Belle.
17:06 of 2nd period - Stopped by Alex Stalock with a rebound.
17:26 of 2nd period - Snap shot by Martins Karsums.
17:26 of 2nd period - Deflect By Ryan Carter.
17:26 of 2nd period - Shot Misses the Net.
17:26 of 2nd period - Puck is out of play.
17:27 of 2nd period - Ryan Carter wins face-off versus Shawn Matthias in Blackdemons zone.
17:38 of 2nd period - Martins Karsums is hit by Denis Hamel and loses puck.
17:53 of 2nd period - Blake Comeau is hit by Sam Gagner and loses puck.
18:36 of 2nd period - Wrist shot by Steven Zalewski.
18:36 of 2nd period - Shot Blocked by Ben Smith.
19:36 of 2nd period - Icing by Blake Comeau.
19:37 of 2nd period - Marek Zagrapan wins face-off versus Marc-André Cliche in Influenza zone.
Goals for this period are 3 for Influenza vs 1 for Blackdemons.
Shots for this period are 16 for Influenza vs 9 for Blackdemons.
3rd period
0:01 of 3rd period - Rob Schremp wins face-off versus Shawn Matthias in neutral zone.
0:04 of 3rd period - Snap shot by Jaime Sifers.
0:04 of 3rd period - Shot Misses the Net.
0:14 of 3rd period - Slapshot by Justin Abdelkader.
0:14 of 3rd period - Shot Blocked by Matt Hunwick.
0:32 of 3rd period - Icing by Jamie McBain.
0:33 of 3rd period - Ryan Carter wins face-off versus Michael Haley in Influenza zone.
0:48 of 3rd period - Snap shot by Martins Karsums.
0:48 of 3rd period - Shot Misses the Net.
0:58 of 3rd period - Jamie McBain is hit by Curtis Glencross and loses puck.
1:13 of 3rd period - Ryan Carter is hit by Curtis Glencross and loses puck.
1:27 of 3rd period - Wrist shot by Martins Karsums.
1:27 of 3rd period - Shot Misses the Net.
1:29 of 3rd period - Snap shot by Jamie McBain.
1:29 of 3rd period - Deflect By Martins Karsums.
1:29 of 3rd period - Shot Misses the Net.
1:29 of 3rd period - Puck is out of play.
1:30 of 3rd period - Shawn Matthias wins face-off versus Rob Schremp in Blackdemons zone.
2:10 of 3rd period - Wrist shot by Sam Gagner.
2:10 of 3rd period - Stopped by Alex Stalock without a rebound.
2:11 of 3rd period - Marek Zagrapan wins face-off versus Sam Gagner in Influenza zone.
2:13 of 3rd period - Minor Penalty to Ryan Vesce for Interference.
2:14 of 3rd period - Blake Comeau wins face-off versus Sam Gagner in Influenza zone.
3:54 of 3rd period - Jakub Kindl is hit by Marek Zagrapan and loses puck.
4:13 of 3rd period - Penalty to Ryan Vesce is over, Ryan Vesce is back on ice.
4:17 of 3rd period - Snap shot by Steven Zalewski.
4:17 of 3rd period - Stopped by Alex Stalock with a rebound.
4:29 of 3rd period - Snap shot by Steven Zalewski.
4:29 of 3rd period - Shot Blocked by Noah Welch.
4:55 of 3rd period - Ben Smith is hit by Michael Haley.
4:58 of 3rd period - Brian Salcido is hit by Andrew MacDonald and loses puck.
5:13 of 3rd period - Andrew MacDonald is hit by Ryan Vesce and loses puck.
7:35 of 3rd period - Sam Gagner is hit by Justin Abdelkader and loses puck.
8:02 of 3rd period - Denis Hamel is hit by Robbie Earl and loses puck.
8:19 of 3rd period - Noah Welch is hit by Antoine Roussel and loses puck.
8:36 of 3rd period - Marc-André Cliche is hit by Justin Abdelkader and loses puck.
9:31 of 3rd period - Denis Hamel is hit by Jamie McBain.
10:14 of 3rd period - Minor Penalty to Sam Gagner for Boarding.
10:15 of 3rd period - Rob Schremp wins face-off versus Curtis Glencross in Blackdemons zone.
10:40 of 3rd period - Curtis Glencross is hit by Martins Karsums and loses puck.
11:49 of 3rd period - Nate Prosser is hit by Alexander Sulzer and loses puck.
12:05 of 3rd period - Jaime Sifers is hit by Antoine Roussel and loses puck.
12:14 of 3rd period - Penalty to Sam Gagner is over, Sam Gagner is back on ice.
12:24 of 3rd period - Snap shot by Zac Dalpe.
12:24 of 3rd period - Stopped by Kevin Weekes with a rebound.
12:52 of 3rd period - Slapshot by Sam Gagner.
12:52 of 3rd period - Stopped by Alex Stalock with a rebound.
13:33 of 3rd period - Icing by Alexander Sulzer.
13:34 of 3rd period - Marc-André Cliche wins face-off versus Ryan Carter in Influenza zone.
13:39 of 3rd period - Wrist shot by Steven Zalewski.
13:39 of 3rd period - Stopped by Alex Stalock with a rebound.
13:41 of 3rd period - Snap shot by Matt Calvert.
13:41 of 3rd period - Stopped by Alex Stalock without a rebound.
13:42 of 3rd period - Steven Zalewski wins face-off versus Rob Schremp in Influenza zone.
13:43 of 3rd period - Snap shot by Andrew MacDonald.
13:43 of 3rd period - Shot Misses the Net.
14:05 of 3rd period - Noah Welch is hit by Steven Zalewski and loses puck.
14:15 of 3rd period - Slapshot by Matt Calvert.
14:15 of 3rd period - Stopped by Alex Stalock without a rebound.
14:16 of 3rd period - Antoine Roussel wins face-off versus Ryan Carter in Influenza zone.
14:29 of 3rd period - Alexander Sulzer is hit by Antoine Roussel and loses puck.
14:46 of 3rd period - Slapshot by Jamie McBain.
14:46 of 3rd period - Goal by Jamie McBain - Influenza : 4 - Blackdemons : 2.
14:47 of 3rd period - Rob Schremp wins face-off versus Shawn Matthias in neutral zone.
14:57 of 3rd period - Snap shot by Denis Hamel.
14:57 of 3rd period - Shot Misses the Net.
14:59 of 3rd period - Wrist shot by Tomas Kopecky.
14:59 of 3rd period - Stopped by Alex Stalock with a rebound.
15:01 of 3rd period - Snap shot by Matt Hunwick.
15:01 of 3rd period - Shot Blocked by Noah Welch.
15:03 of 3rd period - Snap shot by Denis Hamel.
15:03 of 3rd period - Stopped by Alex Stalock with a rebound.
15:47 of 3rd period - Snap shot by Tomas Kopecky.
15:47 of 3rd period - Stopped by Alex Stalock with a rebound.
15:49 of 3rd period - Snap shot by Andrew MacDonald.
15:49 of 3rd period - Stopped by Alex Stalock with a rebound.
16:46 of 3rd period - Snap shot by Martins Karsums.
16:46 of 3rd period - Stopped by Kevin Weekes with a rebound.
17:40 of 3rd period - Noah Welch is hit by Shawn Matthias and loses puck.
17:55 of 3rd period - Ben Smith is hit by Enver Lisin and loses puck.
18:06 of 3rd period - Jakub Kindl is hit by Pierre-Cédric Labrie and loses puck.
18:29 of 3rd period - Antoine Roussel is hit by Rob Schremp and loses puck.
18:34 of 3rd period - Wrist shot by Justin Abdelkader.
18:34 of 3rd period - Shot Misses the Net.
19:33 of 3rd period - Slapshot by Ryan Vesce.
19:33 of 3rd period - Goal by Ryan Vesce - Influenza : 5 - Blackdemons : 2.
19:34 of 3rd period - Ryan Carter wins face-off versus Tomas Kopecky in neutral zone.
19:45 of 3rd period - Wrist shot by Tomas Kopecky.
19:45 of 3rd period - Shot Blocked by Jaime Sifers.
Goals for this period are 2 for Influenza vs 0 for Blackdemons.
Shots for this period are 4 for Influenza vs 10 for Blackdemons.
Output by the SimonT Hockey Simulator (STHS) for François Prévost -- Original Page W3C XHTML 1.0 Valid